Map: Dash and Terminal LE (Void)

Players

RayReign

  • Race: Protoss Protoss
  • League: Diamond

NoRegreT - Winner!

  • Race: Zerg Zerg
  • League: Diamond

Event: ASL Season 5 Prime League LOTV Beta

VOD

Have the link to the VOD?

Description

Time

  • Played on: Sept. 22, 2015, 8:20 p.m.
  • Length: 7:07

All games in this series

Show
View Real Time Build Order
Export as new Build Order

RayReign Protoss 

Build Orders:  

Get SALT Encoding   

  12  0:00  Probe (Chrono Boost)  
  13  0:10  Probe (Chrono Boost)  
  14  0:18  Pylon  
  14  0:21  Probe (Chrono Boost)  
  15  0:35  Probe (Chrono Boost)  
  15  0:40  Gateway  
  16  0:45  Probe (Chrono Boost)  
  17  0:55  Probe (Chrono Boost)  
  18  0:57  Assimilator  
  18  1:05  Probe (Chrono Boost)  
  19  1:13  Assimilator  
  19  1:16  Probe (Chrono Boost)  
  20  1:26  Probe (Chrono Boost)  
  20  1:28  Cybernetics Core  
  21  1:36  Probe (Chrono Boost)  
  22  1:46  Probe (Chrono Boost)  
  22  1:47  Pylon  
  23  2:04  Adept (Chrono Boost), Warp Gate (Chrono Boost)  
  23  2:05  Mothership Core (Chrono Boost)  
  27  2:25  Robotics Facility  
  27  2:26  Pylon  
  27  2:28  Pylon  
  27  2:34  Probe  
  27  2:35  Adept (Chrono Boost)  
  30  2:39  Pylon  
  30  2:43  Pylon  
  30  3:12  Pylon  
  30  3:16  Warp Prism (Chrono Boost)  
  32  3:22  Gateway  
  32  3:30  Gateway  
  30  3:36  Gateway  
  29  3:46  Gateway  
  26  4:16  Adept  
  26  4:17  Immortal (Chrono Boost)  
  32  4:30  Adept  
  32  4:31  Adept  
  36  4:35  Pylon  
  36  4:46  Pylon  
  36  4:58  Immortal (Chrono Boost)  
  40  5:08  Adept x2  
  34  6:05  Adept x3  
  34  6:06  Adept x2  
  44  6:12  Pylon  
  44  6:13  Pylon  
  44  6:28  Adept x4  
  44  6:30  Adept  
  44  6:47  Adept  
  44  6:48  Adept  
  44  6:52  Adept x2  
Show
View Real Time Build Order
Export as new Build Order

NoRegreT Zerg - Winner!

Build Orders: 3 Hatch before Pool 

Get SALT Encoding   

  12  0:02  Drone  
  13  0:07  Drone  
  14  0:20  Drone, Extractor  
  14  0:21  Drone, Extractor  
  14  0:26  Overlord  
  16  0:49  Hatchery  
  15  0:51  Drone  
  15  0:54  Drone  
  17  0:59  Drone  
  18  1:23  Hatchery  
  18  1:25  Drone  
  18  1:26  Drone  
  19  1:35  Extractor  
  18  1:40  Spawning Pool  
  18  1:44  Drone  
  18  1:46  Drone  
  19  1:50  Drone  
  20  2:02  Drone  
  21  2:11  Drone  
  21  2:13  Drone  
  23  2:17  Evolution Chamber  
  23  2:21  Drone  
  23  2:23  Drone  
  23  2:29  Queen  
  26  2:31  Queen  
  26  2:35  Zergling x2  
  29  2:38  Metabolic Boost  
  29  2:39  Zergling x2  
  29  2:42  Zergling x2  
  32  2:44  Zergling x2  
  32  2:47  Zergling x2  
  34  2:55  Overlord  
  34  3:15  Zergling x10  
  34  3:16  Zergling x4  
  34  3:18  Zergling x2  
  42  3:25  Zergling x2  
  42  3:33  Zergling x4  
  42  3:39  Zergling x2  
  42  3:45  Zergling x2  
  42  3:46  Zergling x2  
  41  3:49  Zergling x2  
  41  3:54  Drone x3  
  41  3:57  Zergling x2  
  41  4:03  Drone  
  41  4:05  Spore Crawler  
  41  4:07  Spore Crawler  
  42  4:14  Spine Crawler  
  42  4:16  Zergling x2  
  42  4:26  Zergling x2  
  42  4:33  Overlord  
  42  4:35  Overlord  
  42  4:37  Spine Crawler, Zergling x2  
  42  4:50  Roach Warren  
  42  4:51  Queen x2  
  42  4:52  Spine Crawler, Zergling x2  
  45  4:56  Drone  
  42  5:00  Drone x2  
  42  5:15  Zergling x6  
  42  5:20  Drone  
  42  5:21  Drone x2  
  47  5:23  Drone  
  47  5:25  Drone  
  49  5:39  Drone  
  49  5:40  Drone x3  
  49  5:41  Drone x2  
  55  5:44  Drone  
  56  5:51  Lair  
  56  5:54  Zergling x2  
  57  6:05  Overlord  
  57  6:18  Overlord  
  57  6:23  Roach x3  
  57  6:25  Roach x4  
  65  6:26  Zergling x4  
  65  6:28  Zergling x2  
  65  6:30  Zergling x2  
  65  6:31  Zergling x2  
  61  6:33  Zergling x2  
  61  6:34  Zergling x2  
  61  6:37  Zergling x2  
  62  6:40  Zergling x4  
  62  6:42  Zergling x2  
Tags
 
Add a new tag
Caveats
  • Supply blocks, unpowered buildings, or Contaminate may cause inaccurate times.
  • Supply counts are checked every 10 seconds.